 Dungeon Crawl Stone Soup version 0.25-a0-719-gde951dce62 (webtiles) character file.

Game seed: 15772854093353217001, levelgen mode: deterministic

28 Maedhros the Scratcher (level 2, -2/14 HPs)
             Began as a Felid Chaos Knight on Apr 6, 2020.
             Was a Plaything of Xom.
             Slain by a worm (10 damage)
             ... on level 2 of the Dungeon.
             The game lasted 00:02:32 (3401 turns).

Maedhros the Scratcher (Felid Chaos Knight)         Turns: 3401, Time: 00:02:33

Health: -2/14      AC:  1    Str:  8    XL:     2   Next: 96%
Magic:  3/3        EV: 17    Int: 13    God:    Xom [....*.]
Gold:   82         SH:  0    Dex: 15    Spells: 1/1 levels left
                                        Lives:  0   Deaths: 0

rFire    . . .     SeeInvis +     - Unarmed
rCold    . . .     Gourm    .   (shield unavailable)
rNeg     . . .     Faith    .   (armour unavailable)
rPois    .         Spirit   .   (helmet unavailable)
rElec    .         Reflect  .   (cloak unavailable)
rCorr    .         Harm     .   (gloves unavailable)
MR       .....                  (boots unavailable)
Stlth    ++........             (no amulet)
HPRegen  0.04/turn              (no ring)
MPRegen  0.08/turn              (no ring)

@: drained, quick
A: very small, no armour, no weapons or thrown items, stealth, claws 1, fangs 3,
horns 1, see invisible, blink, carnivore, speed 1, shaggy fur 1, slow metabolism
1, sharp paws
a: Blink, Renounce Religion


You were on level 2 of the Dungeon.
You worshipped Xom.
You were a beloved toy of Xom.
You were completely stuffed.

You visited 1 branch of the dungeon, and saw 2 of its levels.

You collected 82 gold pieces.

Inventory:

Scrolls
 d - 2 scrolls of identify {unknown}
Potions
 b - a potion of lignification {unknown}
 c - 2 potions of might {unknown}
Comestibles
 a - 3 rations


   Skills:
 - Level 3.0(2.0) Fighting
 - Level 3.2(2.2) Dodging
 + Level 4.2(3.2) Unarmed Combat


You had one spell level left.
You didn't know any spells.
Your spell library was empty.

Dungeon Overview and Level Annotations

Branches:
Dungeon (2/15)

Altars:


Innate Abilities, Weirdness & Mutations

You cannot wear armour.
You are incapable of wielding weapons or throwing items.
Your paws allow you to move quietly. (Stealth)
You have sharp claws.
You have razor-sharp teeth.
You have supernaturally acute eyesight. (SInv)
You are carnivorous and can eat meat at any time.
You cover ground quickly.
You are covered in fur. (AC +1)
You have a slow metabolism.
Your sharp claws are effective at attacking unaware monsters.
You have a pair of small horns on your head.
You can translocate small distances at will.


Message History

You scratch the worm. You headbutt the worm.
The worm is moderately wounded.
You scratch the worm but do no damage.
The worm is moderately wounded.
The worm misses you.
You scratch the worm. Your headbutt misses the worm.
The worm is moderately wounded.
The worm bites you.
You scratch the worm. You headbutt the worm.
The worm is heavily wounded.
You scratch the worm. You bite the worm.
The worm is severely wounded.
The worm barely misses you.
You scratch the worm but do no damage. Your claw misses the worm.
The worm is severely wounded.
You scratch the worm.
The worm is almost dead.
The worm bites you!
Ouch! That really hurt!
You die...

#.....####.######.###...##
#.....# #.# #.##.#...#
#...<)# #.# #.###...##
#.....## #.# #.# ##..#
##......###)######.# #..#
....#..............####..#
#####...####.............#
.......## #..##########)#
######.#####...w@........#
#.......#############
#########


You could see a worm.

Vanquished Creatures
  A worm (D:2)
  A dart slug (D:2)
  2 giant cockroaches
  2 goblins (D:2)
  3 hobgoblins (D:2)
  2 kobolds (D:2)
  A frilled lizard (D:2)
  2 rats
14 creatures vanquished.

Vanquished Creatures (collateral kills)
  An adder (D:2)
1 creature vanquished.

Grand Total: 15 creatures vanquished

Notes
Turn   | Place    | Note
-------+----------+-------------------------------------------
     0 | D:1      | Maedhros the Felid Chaos Knight began the quest for the
                  | Orb.
     0 | D:1      | Reached XP level 1. HP: 10/10 MP: 2/2
     4 | D:1      | XOM: harmless Hex miscast
    17 | D:1      | You fall into a shaft and drop 1 floor!
   174 | D:2      | Reached XP level 2. HP: 14/14 MP: 3/3
  1158 | D:2      | XOM: medium Chrm miscast
  1449 | D:2      | XOM: harmless Hex miscast
  1802 | D:2      | XOM: divination: magic mapping
  2352 | D:2      | XOM: noise
  2441 | D:2      | XOM: god gift: inky potion {god gift}
  2598 | D:2      | XOM: give mutations
  2598 | D:2      | Gained mutation: You have a pair of small horns on your
                  | head. [Xom's grace]
  2598 | D:2      | Gained mutation: You can translocate small distances at
                  | will. [Xom's grace]
  2707 | D:2      | XOM is BORED!
  2707 | D:2      | XOM: draining
  2711 | D:2      | XOM: harmless Erth miscast
  2920 | D:2      | XOM: 1-stop teleportation journey
  2955 | D:2      | XOM: 1-stop teleportation journey
  2956 | D:2      | XOM: summons 2 friendly demons
  2961 | D:2      | Reached skill level 4 in Unarmed Combat
  2991 | D:2      | XOM: polymorph crimson imp -> quasit
  3401 | D:2      | Slain by a worm

Levels and vault maps discovered:
D:1:      tarquinn_simple_flora_water_b, layout_rooms
D:2:      layout_loops_ring, overflow_temple_1_default

Skill      XL: |  1  2 |
---------------+-------+-----
Unarmed Combat | 4 |  4.2
Fighting       | |  3.0
Dodging        | |  3.2

Action                   || total
-------------------------++-------
Melee: Unarmed           ||    50
       Bite              ||     3
       Headbutt          ||     2
  Use: Potion            ||     2
 Stab: Sleeping          ||     2
  Eat: Chunk             ||    12
Armor: Skin              ||     2
Dodge: Dodged            ||    27

Table legend:
 A = Non-vault XP
 B = Vault XP
 C = Vault XP percentage of total XP
 D = Non-vault monster count
 E = Vault monster count
 F = Vault count percentage of total count
                 A         B        C        D         E       F
            +---------+---------+-------+---------+---------+-------
      Total |      40 |       0 |   0.0 |      15 |       0 |   0.0
            +---------+---------+-------+---------+---------+-------
        D:1 |       3 |       0 |   0.0 |       2 |       0 |   0.0
        D:2 |      37 |       0 |   0.0 |      13 |       0 |   0.0
            +---------+---------+-------+---------+---------+-------
